Map: Prion Terraces

Players

Krogoth - Winner!

  • Race: Terran Terran
  • Spawn Location: 5:00

Fropez

  • Race: Protoss Protoss
  • League: Silver
  • Spawn Location: 11:00

VOD

Have the link to the VOD?

Description

Time

  • Played on: May 9, 2016, 4:47 p.m.
  • Length: 9:35
Show
View Real Time Build Order
Export as new Build Order

Krogoth Terran - Winner!

Build Orders: Command Center First (CC), MMM Bio 

Get SALT Encoding   

  12  0:01  SCV  
  13  0:13  SCV  
  14  0:18  Supply Depot  
  14  0:26  SCV  
  15  0:40  SCV  
  16  0:52  SCV  
  17  1:02  Command Center  
  17  1:06  SCV  
  18  1:16  Supply Depot  
  18  1:18  SCV  
  19  1:30  SCV  
  20  1:36  Barracks  
  20  1:43  SCV, Supply Depot  
  21  1:55  Barracks  
  21  2:02  SCV  
  21  2:07  Supply Depot  
  22  2:17  SCV  
  22  2:21  SCV  
  24  2:25  Marine  
  24  2:29  SCV  
  26  2:33  SCV  
  26  2:34  Refinery  
  27  2:43  Marine  
  28  2:49  SCV  
  29  2:54  Marine  
  30  2:59  SCV, Barracks  
  30  3:00  Marine  
  30  3:03  Refinery  
  32  3:11  SCV  
  32  3:12  Marine, SCV  
  35  3:18  Marine  
  36  3:23  SCV  
  36  3:24  SCV  
  38  3:29  Marine  
  38  3:33  Refinery  
  39  3:35  SCV  
  39  3:36  Marine, SCV, Barracks  
  42  3:44  Supply Depot  
  42  3:45  Refinery  
  42  3:47  Marine, SCV  
  42  3:48  SCV  
  45  3:49  Barracks Tech Lab  
  45  3:54  Marine  
  46  4:00  SCV  
  47  4:03  Supply Depot, Factory  
  47  4:05  Marine  
  48  4:11  Stimpack  
  48  4:12  SCV  
  49  4:20  Marine  
  49  4:23  Engineering Bay  
  50  4:24  SCV, Barracks Tech Lab  
  50  4:28  SCV  
  52  4:36  SCV  
  53  4:39  Marine, Marauder  
  53  4:40  SCV  
  53  4:43  Combat Shields  
  57  4:48  SCV  
  58  4:57  Marine  
  55  5:00  SCV, Marauder  
  58  5:11  Missile Turret  
  58  5:12  Missile Turret  
  58  5:14  Missile Turret  
  58  5:18  Missile Turret  
  58  5:20  Missile Turret  
  58  5:22  Marauder  
  58  5:25  Marauder  
  58  5:26  Missile Turret  
  62  5:35  Terran Infantry Weapons Level 1  
  62  5:38  Starport  
  62  5:43  Marauder  
  62  5:46  Marauder  
  62  5:49  Factory Reactor  
  66  5:55  Marine  
  66  6:04  Marauder  
  66  6:06  Marine  
  66  6:08  Marauder  
  71  6:11  Concussive Shells  
  71  6:13  Marine  
  71  6:15  Supply Depot  
  71  6:17  Supply Depot  
  72  6:24  Marine, Sensor Tower  
  73  6:26  Marauder  
  77  6:37  Orbital Command  
  77  6:39  Orbital Command  
  77  6:42  Marine  
  77  6:44  Medivac  
  77  6:45  Medivac  
  82  6:47  Marauder  
  82  6:52  Marine  
  83  6:58  Marine  
  83  6:59  Marine  
  85  7:09  Marine, Marauder  
  85  7:10  Supply Depot  
  85  7:11  Supply Depot  
  85  7:12  Supply Depot  
  85  7:14  Medivac  
  85  7:15  Medivac  
  92  7:16  Marine  
  92  7:17  Marine  
  94  7:32  Marine x2  
  94  7:34  Marine, Supply Depot  
  94  7:35  Marine  
  98  7:39  Supply Depot  
  98  7:41  Supply Depot  
  98  7:44  Medivac  
  98  7:45  Medivac  
  98  7:49  Marine x2  
  104  7:52  Marine  
  104  7:53  Marine  
  104  7:58  Supply Depot  
  106  8:07  Marine x2  
  106  8:09  Supply Depot  
  106  8:10  Marine, Supply Depot  
  106  8:11  Marine, Supply Depot  
  110  8:14  Medivac  
  112  8:25  Marine x2  
  114  8:27  Marine  
  114  8:29  Marine  
  116  8:43  Marauder x2  
  116  8:45  Marine  
  116  8:46  Marine  
  122  9:04  Marine  
  122  9:05  Marauder x2  
Show
View Real Time Build Order
Export as new Build Order

Fropez Protoss 

Build Orders:  

Get SALT Encoding   

  12  0:01  Probe (Chrono Boost)  
  13  0:19  Pylon, Probe (Chrono Boost)  
  14  0:39  Probe (Chrono Boost)  
  15  0:49  Gateway  
  16  0:50  Probe (Chrono Boost)  
  16  0:56  Assimilator  
  16  1:00  Probe (Chrono Boost)  
  17  1:05  Assimilator  
  17  1:11  Probe (Chrono Boost)  
  18  1:19  Gateway  
  18  1:21  Probe (Chrono Boost)  
  19  1:29  Pylon  
  19  1:33  Probe (Chrono Boost)  
  20  1:41  Pylon  
  20  1:44  Probe (Chrono Boost)  
  21  1:53  Cybernetics Core  
  21  1:58  Probe (Chrono Boost)  
  22  2:29  Nexus  
  22  2:34  Warp Gate (Chrono Boost)  
  22  2:40  Mothership Core (Chrono Boost)  
  23  2:55  Stargate  
  23  2:58  Probe (Chrono Boost)  
  24  3:07  Adept  
  24  3:10  Probe  
  27  3:14  Adept  
  29  3:22  Probe  
  30  3:33  Pylon  
  30  3:34  Adept  
  30  3:40  Probe  
  30  3:41  Probe  
  34  3:51  Probe  
  34  3:53  Probe  
  36  4:03  Probe  
  36  4:05  Oracle (Chrono Boost)  
  40  4:17  Probe  
  41  4:21  Probe  
  42  4:36  Oracle (Chrono Boost)  
  45  4:39  Adept x2, Assimilator  
  49  4:49  Pylon  
  49  5:02  Probe x2  
  51  5:08  Oracle (Chrono Boost)  
  51  5:13  Assimilator  
  54  5:14  Probe x2  
  54  5:17  Adept  
  54  5:18  Adept  
  60  5:26  Probe  
  61  5:29  Pylon  
  61  5:31  Pylon  
  61  5:35  Probe  
  62  5:40  Pylon, Forge  
  62  6:08  Probe x2  
  64  6:12  Adept x2  
  68  6:27  Nexus  
  68  6:35  Probe  
  68  6:36  Probe  
  68  6:38  Adept  
  68  6:39  Nexus  
  72  6:43  Assimilator  
  72  6:48  Assimilator  
  72  6:50  Pylon  
  72  6:52  Pylon  
  72  6:57  Pylon  
  72  7:10  Pylon  
  72  7:13  Pylon  
  72  7:14  Pylon  
  72  7:18  Assimilator  
  72  7:22  Assimilator  
  72  7:23  Robotics Facility  
  72  7:25  Robotics Facility  
  72  7:29  Protoss Ground Weapons Level 1 (Chrono Boost)  
  72  7:32  Pylon, Probe x2  
  72  7:34  Pylon  
  74  7:38  Forge  
  74  7:44  Probe  
  75  8:05  Pylon  
  75  8:10  Twilight Council  
  75  8:11  Immortal  
  75  8:12  Immortal  
  83  8:30  Probe  
  83  8:31  Robotics Bay, Pylon, Probe x3  
  87  8:55  Nexus  
  87  8:58  Assimilator  
  87  9:00  Assimilator  
  87  9:05  Pylon  
  87  9:07  Pylon  
  82  9:18  Gateway  
  82  9:22  Gateway  
  69  9:24  Gateway  
  69  9:26  Gateway  
Tags
 
Composition
MMM Bio
League
Silver
Matchup
PvT
Replay Pack
All Mines
Spawn Locations
Cross Positions
Add a new tag
Caveats
  • Supply blocks, unpowered buildings, or Contaminate may cause inaccurate times.
  • Supply counts are checked every 10 seconds.